 Dungeon Crawl Stone Soup version 0.30-a0-782-ge64f9170bb (webtiles) character file.

Game seed: 7228461336817983977

52 Crownlay the Shield-Bearer (level 3, -3/36 HPs)
             Began as a Troll Fighter on Mar 8, 2023.
             Slain by a gnoll
             ... wielding a +0 halberd
              (9 damage)
             ... on level 2 of the Dungeon.
             The game lasted 00:01:23 (1403 turns).

Crownlay the Shield-Bearer (Troll Fighter)          Turns: 1403, Time: 00:01:24

Health: -3/36      AC:  4    Str: 24    XL:     3   Next: 60%
Magic:  2/2        EV:  8    Int: 12    God:
Gold:   71         SH:  7    Dex:  9    Spells: 2/2 levels left

rFire   . . .      SeeInvis .      - Unarmed
rCold   . . .      Faith    .    b - +0 kite shield
rNeg    . . .      Spirit   .    a - +0 robe
rPois   .          Reflect  .    (helmet restricted)
rElec   .          Harm     .    (no cloak)
rCorr   .          Rampage  .    (gloves unavailable)
Will    .....                    (boots unavailable)
Stlth   +                        (no amulet)
HPRegen 1.06/turn                l - +6 ring of intelligence
MPRegen 0.08/turn                (no ring)

@: no status effects
A: large, unfitting armour, claws 3, regeneration 1, shaggy fur 1, tough skin 1
a: no special abilities


You were on level 2 of the Dungeon.
You visited 1 branch of the dungeon, and saw 2 of its levels.

You collected 71 gold pieces.

Inventory:

Armour
 a - a +0 robe (worn)
 b - a +0 kite shield (worn)
Jewellery
 k - a ring of wizardry
 l - a +6 ring of intelligence (left claw)
Scrolls
 d - a scroll of silence {unknown}
 e - a scroll of vulnerability {unknown}
 i - a scroll of enchant weapon {unknown}
 m - a scroll of blinking {unknown}
 n - a scroll of identify {unknown}
 o - a scroll of immolation {unknown}
Potions
 c - a potion of might
 f - 2 potions of lignification {unknown}
 g - a potion of resistance {unknown}
 h - a potion of degeneration {unknown}
 j - a potion of attraction {unknown}


   Skills:
 + Level 2.8 Fighting
 - Level 2.4 Dodging
 + Level 3.1 Shields
 * Level 3.1 Unarmed Combat


You had 2 spell levels left.
You didn't know any spells.
Your spell library contained the following spells:

 Spells                   Type           Power      Damage    Failure   Level
 Freeze                   Ice            0%         1d3       61%         1
 Frozen Ramparts          Ice            0%         1d1       93%         3
 Hailstorm                Conj/Ice       0%         3d3       93%         3
 Ozocubu's Armour         Ice            0%         N/A       93%         3
 Metabolic Englaciation   Hex/Ice        0%         N/A       100%        5
 Simulacrum               Ice/Necr       0%         N/A       100%        6


Dungeon Overview and Level Annotations

Branches:
Dungeon (2/15)

Altars:

Shops:
D:1 (


Innate Abilities, Weirdness & Mutations

You are too large for most types of armour.
You have claws for hands.
Your natural rate of healing is unusually fast.
You are covered in fur. (AC +1)
You have tough skin. (AC +1)


Message History

You scratch the adder.
The adder is heavily wounded.
You block the adder's attack.
The gnoll hits you from afar with a +0 spear.
The adder closely misses you.
You miss the adder.
The adder is heavily wounded.
The adder bites you but does no damage. The gnoll barely misses you.
You claw the adder!
You kill the adder!
The gnoll hits you from afar with a +0 spear.
You scratch the gnoll.
The gnoll is heavily wounded.
The gnoll hits you with a +0 flail! You block the gnoll's attack.
The gnoll hits you from afar with a +0 halberd!
You are too injured to fight recklessly!
You are too injured to fight recklessly!
You are too injured to fight recklessly!
You are too injured to fight recklessly!
You are too injured to fight recklessly!
You are too injured to fight recklessly!
You are too injured to fight recklessly!
You are too injured to fight recklessly!
You are too injured to fight recklessly!
You are too injured to fight recklessly!
You are too injured to fight recklessly!
You are too injured to fight recklessly!
You are too injured to fight recklessly!
The gnoll attacks as you move away! The gnoll hits you with a +0 flail.
You see here 5 stones.
You closely miss the gnoll.
The gnoll is heavily wounded.
The gnoll hits you with a +0 flail.
The gnoll hits you from afar with a +0 halberd.
You scratch the gnoll but do no damage.
The gnoll is heavily wounded.
The gnoll hits you with a +0 flail!
* * * LOW HITPOINT WARNING * * *
The gnoll hits you from afar with a +0 halberd!
You die...

## ########.### .#
#..........# $....# .#
#..........# .....# .#
#..........# .....# .#
#..........# .....# .#
#..........# .....# .#
#..........# .....#
.########....###'######.....#
................@ggg........+
.########....#######g.......#
.# #....# #...#......# .#
#....# #...###.###### .#
#....##..## #.# .# #####...#
#.# .# #....### #.# .# #.####
#.# .# # .#


You could see 4 gnolls.

Vanquished Creatures
  An adder (D:2)
  A worm (D:2)
  2 dart slugs (D:2)
  4 ball pythons
  4 bats
  2 endoplasms (D:1)
  A giant cockroach (D:1)
  5 goblins
  A hobgoblin (D:1)
  4 jackals (D:1)
  A quokka (D:1)
  A frilled lizard (D:2)
  A kobold (D:1)
  4 rats
32 creatures vanquished.

Notes
Turn   | Place    | Note
-------+----------+-------------------------------------------
     0 | D:1      | Crownlay the Troll Fighter began the quest for the Orb.
     0 | D:1      | Reached XP level 1. HP: 22/22 MP: 0/0
   201 | D:1      | Reached XP level 2. HP: 27/29 MP: 1/1
   597 | D:1      | Found Ilas's Weapon Boutique.
  1030 | D:2      | Reached XP level 3. HP: 36/36 MP: 2/2
  1403 | D:2      | Slain by a gnoll

Illustrated notes

Levels and vault maps discovered:
D:1:      spicycebolla_arrival_ecumenical, layout_loops_corners, serial_shops,
          nicolae_shop_bloodbath_and_beyond
D:2:      layout_basic, serial_shops, nicolae_shop_advertising_works
          [nicolae_subvault_shop_adworks]

Skill      XL: |  1  2  3 |
---------------+----------+-----
Shields        | 3 |  3.1
Unarmed Combat | 3 |  3.1
Fighting       | |  2.8
Dodging        | |  2.4

Action                     || total
---------------------------++-------
  Melee: Unarmed           ||    86
 Armour: Robe              ||    32
  Dodge: Dodged            ||    37
  Block: Kite shield       ||    32

Table legend: (Time is in decaauts)
 A = Elapsed time spent in this place.
 B = Non-inter-level travel time spent in this place.
 C = Inter-level travel time spent in this place.
 D = Time resting spent in this place.
 E = Time spent auto-exploring this place.
 F = Levels seen in this place.
 G = Mean time per level.
                   A        B        C        D        E       F      G
               +--------+--------+--------+--------+--------+-----+--------+
         Total |   1410 |   1340 |     70 |      0 |   1125 |   2 |  705.0 |
       Dungeon |   1410 |   1340 |     70 |      0 |   1125 |   2 |  705.0 |
               +--------+--------+--------+--------+--------+-----+--------+

Top non-repeatable levels by time:
     D:1: 967 daAuts
     D:2: 443 daAuts
